 Dungeon Crawl Stone Soup version 0.31.0-9-g3a7656b989 (webtiles) character file.

Game seed: 497770084561631972

30450 qw the Markself (level 13, -8/82 HPs)
             Began as a Deep Elf Hunter on Feb 2, 2024.
             Was a High Priest of Okawaru.
             Mangled by a cane toad (12 damage)
             ... on level 5 of the Lair of Beasts.
             The game lasted 00:01:42 (12018 turns).

qw the Markself (Deep Elf Hunter)                  Turns: 12018, Time: 00:01:43

Health: -8/82      AC: 13    Str: 16    XL:     13   Next: 20%
Magic:  22/22      EV: 20    Int: 16    God:    Okawaru [*****.]
Gold:   479        SH:  0    Dex: 21    Spells: 12/12 levels left

rFire   . . .        w - +0 orcbow (flame)
rCold   + . .        (shield currently unavailable)
rNeg    . . .        b - +3 ring mail
rPois   .            (no helmet)
rElec   +            t - scarf {repulsion}
rCorr   .            u - +2 pair of gloves "Bink" {Rampage rElec rC+}
SInv    .            s - +0 pair of boots
Will    ++...        d - amulet of regeneration
Stlth   +            h - ring "Xiam" {^Drain Will+ Str+4 Dex+3}
HPRegen 1.13/turn    (no ring)
MPRegen 0.18/turn

%: repel missiles, rampage
@: no status effects
A: no striking features
a: Renounce Religion, Heroism, Finesse, Duel


You were on level 5 of the Lair of Beasts.
You worshipped Okawaru.
Okawaru was extremely pleased with you.
You visited 3 branches of the dungeon, and saw 15 of its levels.

You collected 797 gold pieces.
You spent 318 gold pieces at shops.


   Skills:
 - Level 10.0 Fighting
 - Level 16.1 Ranged Weapons
 + Level 4.8 Armour
 - Level 14.0 Dodging
 - Level 1.2 Stealth
 + Level 9.6 Invocations


You had 12 spell levels left.
You didn't know any spells.
Your spell library was empty.

Inventory:

Hand Weapons
 w - a +0 orcbow of flaming (weapon)
Armour
 b - a +3 ring mail (worn)
 s - a +0 pair of boots (worn)
 t - a scarf of repulsion (worn)
 u - the +2 pair of gloves "Bink" (worn) {Rampage rElec rC+}
   (You found it on level 7 of the Dungeon)

   rC+:       It protects you from cold.
   rElec:     It insulates you from electricity.
   Rampage:   It bestows one free step when moving towards enemies.
Jewellery
 d - an amulet of regeneration (around neck)
 g - a ring of fire
 h - the ring "Xiam" (left hand) {^Drain Will+ Str+4 Dex+3}
   (You acquired it on level 8 of the Dungeon)

   [ring of willpower]

   Str+4:     It affects your strength (+4).
   Dex+3:     It affects your dexterity (+3).
   Will+:     It increases your willpower.
   ^Drain:    It drains your maximum health when unequipped.
 k - a ring of ice
Wands
 a - a wand of digging (3)
 q - a wand of iceblast (12)
Potions
 c - 5 potions of curing
 e - 2 potions of enlightenment
 f - a potion of resistance
 l - 2 potions of mutation
 n - 2 potions of might
 o - a potion of haste
 p - a potion of cancellation
 r - a potion of attraction {unknown}

Dungeon Overview and Level Annotations

Branches:
Dungeon (9/15)             Temple (1/1) D:4            Lair (5/5) D:9
 Shoals (0/4) Lair:2        Snake (0/4) Lair:3
  Slime: Lair:4-5       Orc: D:9-12

Altars:
Ashenzari
Cheibriados
Dithmenos
Elyvilon
Fedhas
Gozag
Hepliaklqana
Kikubaaqudgha
Makhleb
Nemelex Xobeh
Okawaru
Qazlal
Ru
Sif Muna
Trog
Uskayaw
Vehumet
Wu Jian
Xom
Yredelemnul
Zin
The Shining One

Shops:
D:3 !   D:7 [

Annotations:
D:3 1 runed translucent door, qw's ghost, amateur DEHu


Message History

The seven-headed hydra barely misses you. x2
You shoot an arrow.
The arrow hits the cane toad but does no damage.
The cane toad is lightly wounded.
The cane toad closely misses you.
The seven-headed hydra bites you but does no damage.
The seven-headed hydra bites you. The seven-headed hydra bites you!
The seven-headed hydra bites you but does no damage.
The seven-headed hydra completely misses you.
The seven-headed hydra bites you. x2
A black mamba comes into view.
You shoot an arrow. The arrow closely misses the cane toad.
The cane toad completely misses you.
The seven-headed hydra bites you but does no damage.
The seven-headed hydra misses you.
The seven-headed hydra closely misses you.
The seven-headed hydra barely misses you.
The seven-headed hydra misses you.
The seven-headed hydra closely misses you.
The seven-headed hydra bites you but does no damage.
You shoot an arrow. The arrow hits the cane toad.
The arrow burns the cane toad.
The cane toad is lightly wounded.
The cane toad stings you!
12017 ||| DRINKING 2 potions of heal wounds.
You feel much better. The seven-headed hydra bites you!
The seven-headed hydra barely misses you.
The seven-headed hydra misses you. The seven-headed hydra bites you!
The seven-headed hydra bites you.
The seven-headed hydra bites you but does no damage.
The seven-headed hydra bites you. The cane toad closely misses you.
12018 ||| DRINKING potion of heal wounds.
You feel much better. The cane toad closely misses you.
The seven-headed hydra bites you! The seven-headed hydra bites you.
The seven-headed hydra bites you but does no damage. x2
The seven-headed hydra completely misses you.
The seven-headed hydra closely misses you.
The seven-headed hydra bites you! The cane toad stings you!
You die...

...?... ....# ...#
#..... .... .....
#....# .#.##.....
.... ..#..#.#
##.### ......##
#....###......#
#.....##......##
###DFS<.........
#@#.#.........
#..............
#......#PP#.##./
..P..P.#.P.P.# .
..............#
..................
##P####.#..........
## ####.........


You could see a seven-headed hydra, a black mamba and a cane toad.

Vanquished Creatures
  2 hydras
  Fannar (Lair:2)
  A catoblepas (Lair:2)
  A two-headed ogre (D:9)
  4 death yaks (Lair:4)
  A skyshark (Lair:3)
  A deep elf pyromancer (D:7)
  A lindwurm (Lair:5)
  A torpor snail (Lair:2)
  3 elephants (Lair:3)
  2 black mambas
  15 cane toads
  2 kobold demonologists (D:7)
  3 komodo dragons
  4 rime drakes
  2 trolls
  A merfolk (Lair:2)
  3 polar bears
  4 blink frogs (Lair:4)
  7 dream sheep (Lair:4)
  Sigmund (D:6)
  2 shadows (D:7)
  A vampire (D:7)
  3 wyverns
  27 yaks
  Eustachio (D:5)
  A wraith (D:9)
  3 steam dragons
  2 basilisks (Lair:2)
  Edmund (D:6)
  13 water moccasins
  2 black bears
  5 ice beasts
  2 sky beasts
  A centaur (D:8)
  10 wolves
  An ogre (D:6)
  A kobold brigand (D:6)
  A phantom (D:4)
  14 bullfrogs
  A scorpion (D:7)
  5 wights (D:7)
  2 vampire bats (Lair:3)
  4 killer bees (D:8)
  3 electric eels (D:9)
  A howler monkey (D:4)
  A bombardier beetle (D:4)
  4 hounds
  5 jellies
  2 gnoll boudas (D:8)
  An orc priest (D:8)
  3 sleepcaps
  Jessica (D:3)
  7 iguanas
  9 orc wizards
  5 hell rats (Lair:4)
  5 gnolls (D:8)
  4 adders
  A white imp (D:7)
  2 ufetubi (D:5)
  2 dart slugs (D:1)
  4 ribbon worms
  22 orcs
  14 endoplasms
  5 giant cockroaches
  4 goblins
  4 hobgoblins
  13 kobolds
  4 quokkas
  7 ball pythons
  11 bats
  4 frilled lizards
  5 rats
316 creatures vanquished.

Notes
Turn   | Place    | Note
-------+----------+-------------------------------------------
     0 | D:1      | qw the Deep Elf Hunter began the quest for the Orb.
     0 | D:1      | Reached XP level 1. HP: 12/12 MP: 3/3
     0 | D:1      | 0 ||| qw: Version: 0.3-a-155-g5e7d8dd
     0 | D:1      | 0 ||| qw: Game counter: 1027
     0 | D:1      | 0 ||| qw: Melee chars always use a shield: true
     0 | D:1      | 0 ||| qw: God list: Okawaru
     0 | D:1      | 0 ||| qw: Allow faded altars: false
     0 | D:1      | 0 ||| qw: Do Orc after clearing Dungeon:15 true
     0 | D:1      | 0 ||| qw: Do second Lair branch before Depths: true
     0 | D:1      | 0 ||| qw: Lair rune preference: random
     0 | D:1      | 0 ||| qw: Goals: Normal
     0 | D:1      | 0 ||| PLANNING D:1-11
    55 | D:1      | Found a faded altar of an unknown god.
   426 | D:1      | Reached skill level 6 in Ranged Weapons
   426 | D:1      | Reached XP level 2. HP: 16/16 MP: 4/4
  1226 | D:1      | 1226 ||| UPGRADING to +0 scale mail.
  1236 | D:1      | 1236 ||| DROPPING +0 leather armour.
  1237 | D:1      | 1237 ||| UPGRADING to amulet of regeneration.
  1242 | D:1      | 1242 ||| DROPPING amulet of the acrobat.
  1243 | D:1      | 1243 ||| READING scroll labelled ARRABO GYBONI.
  1244 | D:1      | 1244 ||| READING scroll labelled CAEZXUSOSE.
  1249 | D:1      | 1249 ||| DROPPING scroll of butterflies.
  1381 | D:2      | Reached XP level 3. HP: 20/20 MP: 5/5
  1451 | D:2      | Reached skill level 7 in Ranged Weapons
  1601 | D:2      | Reached XP level 4. HP: 25/25 MP: 6/6
  1621 | D:2      | Found a blossoming altar of Fedhas.
  1621 | D:2      | Found a bloodstained altar of Trog.
  1621 | D:2      | Found a white marble altar of Elyvilon.
  1621 | D:2      | Found a blossoming altar of Fedhas.
  1621 | D:2      | Found a basalt altar of Yredelemnul.
  1621 | D:2      | Found a sacrificial altar of Ru.
  1629 | D:2      | Reached skill level 8 in Ranged Weapons
  1633 | D:2      | Reached XP level 5. HP: 8/29 MP: 7/7
  1633 | D:2      | HP: 4/29 [frozen (5)]
  1821 | D:2      | 1821 ||| READING scroll labelled XYODDA LOIXE.
  1822 | D:2      | 1822 ||| READING scroll labelled PYASOB CEGRUU.
  1822 | D:2      | 1822 ||| ENCHANTING +0 shortbow.
  1823 | D:2      | 1823 ||| DRINKING 2 dark potions.
  2007 | D:3      | Noticed Jessica
  2014 | D:3      | Killed Jessica
  2015 | D:3      | Reached skill level 9 in Ranged Weapons
  2150 | D:3      | 2150 ||| READING scroll of enchant weapon.
  2150 | D:3      | 2150 ||| ENCHANTING +1 shortbow.
  2152 | D:3      | Found a runed translucent door.
  2155 | D:3      | Noticed qw's ghost (amateur DEHu)
  2179 | D:3      | Found Wuellir's Distillery.
  2186 | D:3      | 2186 ||| SHOPLISTING 3 potions of cancellation (312 gold,
                  | have 118).
  2186 | D:3      | 2186 ||| BUYING potion of curing (39 gold).
  2186 | D:3      | Bought a potion of curing for 39 gold pieces
  2186 | D:3      | 2186 ||| BUYING potion of enlightenment (65 gold).
  2186 | D:3      | Bought a potion of enlightenment for 65 gold pieces
  2186 | D:3      | 2186 ||| SHOPLISTING potion of enlightenment (65 gold, have
                  | 14).
  2186 | D:3      | 2186 ||| SHOPLISTING potion of might (52 gold, have 14).
  2186 | D:3      | 2186 ||| SHOPLISTING potion of resistance (130 gold, have
                  | 14).
  2763 | D:3      | 2763 ||| READING 3 scrolls labelled NASHIYNIRU.
  2763 | D:3      | 2763 ||| IDENTIFYING sapphire potion
  2764 | D:3      | 2764 ||| READING 2 scrolls of identify.
  2764 | D:3      | 2764 ||| IDENTIFYING green potion
  2765 | D:3      | 2765 ||| READING scroll of identify.
  2765 | D:3      | 2765 ||| IDENTIFYING 2 amethyst potions
  2766 | D:3      | 2766 ||| READING scroll labelled VUBAURGHAYJ.
  2766 | D:3      | 2766 ||| BRANDING +2 shortbow.
  2767 | D:3      | 2767 ||| DROPPING 2 potions of ambrosia.
  2802 | D:4      | Reached skill level 1 in Armour
  2912 | D:4      | Noticed a phantom
  2918 | D:4      | Killed a phantom
  2919 | D:4      | Reached XP level 6. HP: 32/35 MP: 8/8
  3014 | D:4      | Reached skill level 10 in Ranged Weapons
  3104 | D:4      | Found a staircase to the Ecumenical Temple.
  3105 | D:4      | 3105 ||| PLANNING TEMPLE
  3105 | D:4      | 3105 ||| DROPPING ring of magical power.
  3113 | Temple   | Found a transporter.
  3113 | Temple   | Found a transporter.
  3113 | Temple   | Found a transporter.
  3113 | Temple   | Found a transporter.
  3113 | Temple   | Entered the Ecumenical Temple
  3114 | Temple   | 3114 ||| PLANNING D:1-11
  3222 | D:4      | Reached XP level 7. HP: 27/40 MP: 9/9
  3330 | D:4      | Found a burning altar of Makhleb.
  3333 | D:4      | Found a white marble altar of Elyvilon.
  3336 | D:4      | Found a sparkling altar of Nemelex Xobeh.
  3754 | D:4      | 3754 ||| UPGRADING to +0 ring mail.
  3764 | D:4      | 3764 ||| DROPPING +0 scale mail.
  3765 | D:4      | 3765 ||| READING 2 scrolls labelled ONGAKO REGIPE.
  3765 | D:4      | 3765 ||| ENCHANTING +0 ring mail.
  3766 | D:4      | 3766 ||| READING scroll of enchant armour.
  3766 | D:4      | 3766 ||| ENCHANTING +1 ring mail.
  3767 | D:4      | 3767 ||| DRINKING 2 silvery potions.
  3803 | D:5      | Entered Level 5 of the Dungeon
  3826 | D:5      | Noticed Eustachio
  3827 | D:5      | 3827 ||| DRINKING potion of haste.
  3854 | D:5      | Killed Eustachio
  3998 | D:5      | Reached skill level 11 in Ranged Weapons
  4103 | D:5      | Found a glowing golden altar of the Shining One.
  4252 | D:5      | 4252 ||| UPGRADING to +2 pair of gloves.
  4257 | D:5      | 4257 ||| READING scroll labelled ONNAEW VATIMP.
  4358 | D:5      | 4358 ||| DRINKING 2 cyan potions.
  4398 | D:6      | Reached skill level 12 in Ranged Weapons
  4398 | D:6      | Reached XP level 8. HP: 44/44 MP: 10/10
  4449 | D:6      | Noticed Sigmund
  4450 | D:6      | 4450 ||| DRINKING potion of haste.
  4465 | D:6      | Killed Sigmund
  4466 | D:6      | Reached skill level 3 in Fighting
  4536 | D:6      | 4536 ||| Stepping ~*~*~tactically~*~*~ (cloud).
  4549 | D:6      | 4549 ||| FLEEEEING.
  4550 | D:6      | 4550 ||| FLEEEEING.
  4551 | D:6      | 4551 ||| FLEEEEING.
  4557 | D:6      | 4557 ||| FLEEEEING.
  4558 | D:6      | 4558 ||| FLEEEEING.
  4559 | D:6      | 4559 ||| FLEEEEING.
  4560 | D:6      | 4560 ||| FLEEEEING.
  4561 | D:6      | 4561 ||| FLEEEEING.
  4562 | D:6      | 4562 ||| FLEEEEING.
  4563 | D:6      | 4563 ||| FLEEEEING.
  4564 | D:6      | 4564 ||| FLEEEEING.
  4565 | D:6      | 4565 ||| FLEEEEING.
  4566 | D:6      | 4566 ||| FLEEEEING.
  4567 | D:6      | 4567 ||| FLEEEEING.
  4568 | D:6      | 4568 ||| FLEEEEING.
  4569 | D:6      | 4569 ||| STAIRDANCE
  4580 | D:5      | 4580 ||| DRINKING 2 blue potions.
  4581 | D:5      | 4581 ||| DROPPING potion of magic.
  4591 | D:6      | Reached skill level 13 in Ranged Weapons
  4654 | D:6      | Noticed Edmund
  4658 | D:6      | Reached skill level 14 in Ranged Weapons
  4661 | D:6      | Killed Edmund
  4765 | D:6      | 4765 ||| READING scroll of enchant armour.
  4765 | D:6      | 4765 ||| ENCHANTING +2 ring mail.
  4814 | D:6      | Reached XP level 9. HP: 46/52 MP: 11/11
  4815 | D:6      | 4815 ||| FLEEEEING.
  4816 | D:6      | 4816 ||| FLEEEEING.
  4817 | D:6      | 4817 ||| FLEEEEING.
  4818 | D:6      | 4818 ||| FLEEEEING.
  4819 | D:6      | 4819 ||| FLEEEEING.
  4820 | D:6      | 4820 ||| FLEEEEING.
  4821 | D:6      | 4821 ||| FLEEEEING.
  4863 | D:6      | Found a shimmering blue altar of Sif Muna.
  4876 | D:6      | Found an ancient bone altar of Kikubaaqudgha.
  4879 | D:6      | 4879 ||| DRINKING 4 potions of curing.
  4879 | D:6      | 4879 ||| (to cure confusion)
  4886 | D:6      | Found a radiant altar of Vehumet.
  5013 | D:6      | 5013 ||| READING scroll of identify.
  5013 | D:6      | 5013 ||| IDENTIFYING smoky puce potion
  5014 | D:6      | 5014 ||| DROPPING potion of degeneration.
  5102 | D:7      | Reached skill level 6 in Dodging
  5183 | D:7      | 5183 ||| RETREEEEATING.
  5184 | D:7      | 5184 ||| RETREEEEATING.
  5185 | D:7      | 5185 ||| RETREEEEATING.
  5186 | D:7      | 5186 ||| RETREEEEATING.
  5198 | D:7      | 5198 ||| FLEEEEING.
  5200 | D:7      | 5200 ||| FLEEEEING.
  5201 | D:7      | 5201 ||| FLEEEEING.
  5202 | D:7      | 5202 ||| FLEEEEING.
  5203 | D:7      | 5203 ||| FLEEEEING.
  5204 | D:7      | 5204 ||| FLEEEEING.
  5205 | D:7      | 5205 ||| FLEEEEING.
  5510 | D:7      | Found Hesk's Armour Shop.
  5529 | D:7      | 5529 ||| BUYING +0 pair of boots (58 gold).
  5529 | D:7      | Bought a +0 pair of boots for 58 gold pieces
  5529 | D:7      | 5529 ||| SHOPLISTING +2 helmet of intelligence (279 gold,
                  | have 232).
  5529 | D:7      | 5529 ||| SHOPLISTING +3 ring mail of cold resistance (338
                  | gold, have 232).
  5529 | D:7      | 5529 ||| BUYING scarf of repulsion (156 gold).
  5529 | D:7      | Bought a scarf of repulsion for 156 gold pieces
  5561 | D:7      | Identified the +2 pair of gloves "Bink" {Rampage rElec rC+}
  5639 | D:7      | Noticed a kobold demonologist
  5640 | D:7      | Noticed a deep elf pyromancer
  5641 | D:7      | 5641 ||| RETREEEEATING.
  5642 | D:7      | 5642 ||| RETREEEEATING.
  5642 | D:7      | Noticed a kobold demonologist
  5644 | D:7      | 5644 ||| RETREEEEATING.
  5646 | D:7      | 5646 ||| RETREEEEATING.
  5647 | D:7      | 5647 ||| RETREEEEATING.
  5648 | D:7      | 5648 ||| RETREEEEATING.
  5653 | D:7      | Noticed a rust devil
  5655 | D:7      | Noticed an orange demon
  5655 | D:7      | 5655 ||| READING 2 scrolls of teleportation.
  5657 | D:7      | Killed a deep elf pyromancer
  5658 | D:7      | Reached skill level 9 in Dodging
  5873 | D:7      | 5873 ||| DRINKING potion of haste.
  5880 | D:7      | Killed a kobold demonologist
  5881 | D:7      | Reached XP level 10. HP: 60/60 MP: 12/12
  5919 | D:7      | Reached skill level 6 in Fighting
  5964 | D:7      | 5964 ||| UPGRADING to +0 pair of boots.
  5969 | D:7      | 5969 ||| UPGRADING to scarf of repulsion.
  5974 | D:7      | 5974 ||| UPGRADING to +2 pair of gloves "Bink" {Rampage
                  | rElec rC+}.
  5984 | D:7      | 5984 ||| DROPPING +2 pair of gloves.
  5985 | D:7      | 5985 ||| READING scroll labelled VECONA QISAB.
  5986 | D:7      | 5986 ||| DRINKING 2 murky white potions.
  5987 | D:7      | 5987 ||| FLEEEEING.
  5988 | D:7      | 5988 ||| FLEEEEING.
  5989 | D:7      | 5989 ||| FLEEEEING.
  5990 | D:7      | 5990 ||| FLEEEEING.
  5991 | D:7      | 5991 ||| FLEEEEING.
  5992 | D:7      | 5992 ||| FLEEEEING.
  5993 | D:7      | 5993 ||| FLEEEEING.
  5994 | D:7      | 5994 ||| FLEEEEING.
  5995 | D:7      | 5995 ||| FLEEEEING.
  5996 | D:7      | 5996 ||| FLEEEEING.
  5997 | D:7      | 5997 ||| STAIRDANCE
  5999 | D:6      | 5999 ||| FLEEEEING.
  6000 | D:6      | 6000 ||| FLEEEEING.
  6001 | D:6      | 6001 ||| FLEEEEING.
  6002 | D:6      | 6002 ||| FLEEEEING.
  6003 | D:6      | 6003 ||| FLEEEEING.
  6004 | D:6      | 6004 ||| FLEEEEING.
  6005 | D:6      | 6005 ||| FLEEEEING.
  6006 | D:6      | 6006 ||| FLEEEEING.
  6007 | D:6      | 6007 ||| FLEEEEING.
  6008 | D:6      | 6008 ||| FLEEEEING.
  6009 | D:6      | 6009 ||| FLEEEEING.
  6010 | D:6      | 6010 ||| FLEEEEING.
  6011 | D:6      | 6011 ||| FLEEEEING.
  6012 | D:6      | 6012 ||| STAIRDANCE
  6014 | D:5      | 6014 ||| FLEEEEING.
  6015 | D:5      | 6015 ||| FLEEEEING.
  6016 | D:5      | 6016 ||| FLEEEEING.
  6017 | D:5      | 6017 ||| FLEEEEING.
  6018 | D:5      | 6018 ||| FLEEEEING.
  6019 | D:5      | 6019 ||| FLEEEEING.
  6020 | D:5      | 6020 ||| FLEEEEING.
  6021 | D:5      | 6021 ||| FLEEEEING.
  6022 | D:5      | 6022 ||| FLEEEEING.
  6023 | D:5      | 6023 ||| FLEEEEING.
  6024 | D:5      | 6024 ||| FLEEEEING.
  6025 | D:5      | 6025 ||| FLEEEEING.
  6026 | D:5      | 6026 ||| FLEEEEING.
  6027 | D:5      | 6027 ||| FLEEEEING.
  6028 | D:5      | 6028 ||| FLEEEEING.
  6029 | D:5      | 6029 ||| FLEEEEING.
  6030 | D:5      | 6030 ||| FLEEEEING.
  6031 | D:5      | 6031 ||| FLEEEEING.
  6032 | D:5      | 6032 ||| FLEEEEING.
  6033 | D:5      | 6033 ||| FLEEEEING.
  6034 | D:5      | 6034 ||| FLEEEEING.
  6035 | D:5      | 6035 ||| FLEEEEING.
  6036 | D:5      | 6036 ||| FLEEEEING.
  6037 | D:5      | 6037 ||| DROPPING potion of berserk rage.
  6161 | D:8      | 6161 ||| RETREEEEATING.
  6162 | D:8      | 6162 ||| RETREEEEATING.
  6172 | D:8      | Reached skill level 3 in Armour
  6514 | D:8      | Found the +7 captain's cutlass {speed, disarm}
  6617 | D:8      | 6617 ||| SWAPPING to +0 orcbow.
  6618 | D:8      | 6618 ||| DROPPING +2 heavy shortbow.
  6619 | D:8      | 6619 ||| READING scroll of brand weapon.
  6619 | D:8      | 6619 ||| BRANDING +0 orcbow.
  6811 | D:8      | 6811 ||| DROPPING amulet of magic regeneration.
  6812 | D:8      | 6812 ||| READING scroll labelled JAMATO PUPTI.
  6812 | D:8      | Identified a scroll of acquirement
  6812 | D:8      | 6812 ||| ACQUIRING ring "Xiam" {^Drain Will+ Str+4 Dex+3}
  6812 | D:8      | Acquired the ring "Xiam" {^Drain Will+ Str+4 Dex+3}
  6814 | D:8      | 6814 ||| UPGRADING to ring "Xiam" {^Drain Will+ Str+4
                  | Dex+3}.
  6815 | D:8      | 6815 ||| READING scroll labelled HUUCKU AMIOPS.
  6867 | D:9      | Found a broken altar of Ashenzari.
  6888 | D:9      | Found an iron altar of Okawaru.
  6889 | D:9      | 6889 ||| PLANNING OKAWARU WORSHIP
  6924 | D:9      | 6924 ||| READING scroll of identify.
  6924 | D:9      | 6924 ||| IDENTIFYING puce potion
  6925 | D:9      | 6925 ||| DROPPING potion of brilliance.
  6955 | D:9      | Became a worshipper of Warmaster Okawaru
  6956 | D:9      | 6956 ||| PLANNING D:1-11
  7087 | D:9      | Found a staircase to the Lair.
  7147 | D:9      | 7147 ||| DRINKING 2 potions of haste.
  7178 | D:9      | Reached skill level 15 in Ranged Weapons
  7229 | D:9      | Noticed a two-headed ogre
  7230 | D:9      | 7230 ||| DRINKING potion of haste.
  7245 | D:9      | Killed a two-headed ogre
  7245 | D:9      | Reached * piety under Okawaru
  7348 | D:9      | 7348 ||| PLANNING LAIR
  7348 | D:9      | 7348 ||| READING scroll labelled KAESOLL NUSERR.
  7349 | D:9      | 7349 ||| READING scroll labelled LEDOPLEZ ZYAS.
  7351 | D:9      | 7351 ||| Stepping ~*~*~tactically~*~*~ (cloud).
  7413 | Lair:1   | Entered Level 1 of the Lair of Beasts
  7432 | Lair:1   | Reached skill level 1 in Invocations
  7446 | Lair:1   | Noticed a cane toad
  7447 | Lair:1   | 7447 ||| INVOKING Heroism.
  7451 | Lair:1   | Killed a cane toad
  7452 | Lair:1   | Reached XP level 11. HP: 67/67 MP: 10/14
  7497 | Lair:1   | Noticed a six-headed hydra
  7498 | Lair:1   | 7498 ||| INVOKING Heroism.
  7507 | Lair:1   | Killed a six-headed hydra
  7508 | Lair:1   | Reached skill level 16 in Ranged Weapons
  7554 | Lair:1   | Reached ** piety under Okawaru
  7555 | Lair:1   | Reached skill level 3 in Invocations
  8264 | Lair:1   | 8264 ||| DROPPING +1 pair of gloves of infusion.
  8451 | Lair:2   | 8451 ||| Stepping ~*~*~tactically~*~*~ (cloud).
  8452 | Lair:2   | Reached *** piety under Okawaru
  8553 | Lair:2   | Noticed a catoblepas
  8557 | Lair:2   | 8557 ||| INVOKING Heroism.
  8563 | Lair:2   | 8563 ||| Stepping ~*~*~tactically~*~*~ (cloud).
  8569 | Lair:2   | 8569 ||| Stepping ~*~*~tactically~*~*~ (cloud).
  8571 | Lair:2   | 8571 ||| Stepping ~*~*~tactically~*~*~ (cloud).
  8574 | Lair:2   | 8574 ||| RETREEEEATING.
  8578 | Lair:2   | 8578 ||| Stepping ~*~*~tactically~*~*~ (cloud).
  8579 | Lair:2   | 8579 ||| Stepping ~*~*~tactically~*~*~ (cloud).
  8580 | Lair:2   | 8580 ||| INVOKING Heroism.
  8584 | Lair:2   | Killed a catoblepas
  8609 | Lair:2   | Reached skill level 12 in Dodging
  8613 | Lair:2   | 8613 ||| RETREEEEATING.
  8620 | Lair:2   | 8620 ||| RETREEEEATING.
  8621 | Lair:2   | 8621 ||| RETREEEEATING.
  8622 | Lair:2   | 8622 ||| RETREEEEATING.
  8623 | Lair:2   | 8623 ||| RETREEEEATING.
  8624 | Lair:2   | 8624 ||| RETREEEEATING.
  8625 | Lair:2   | 8625 ||| RETREEEEATING.
  8727 | Lair:2   | Found a dark tunnel.
  8744 | Lair:2   | Noticed a seven-headed hydra
  8745 | Lair:2   | 8745 ||| INVOKING Heroism.
  8750 | Lair:2   | Killed a seven-headed hydra
  8861 | Lair:2   | Noticed Fannar
  8862 | Lair:2   | 8862 ||| INVOKING Heroism.
  8866 | Lair:2   | Killed Fannar
  8866 | Lair:2   | Reached **** piety under Okawaru
  9128 | Lair:2   | Found a staircase to the Shoals.
  9274 | Lair:2   | 9274 ||| READING scroll labelled GUYPPE BUTHROCY.
  9375 | Lair:2   | 9375 ||| DRINKING 2 fizzy dark potions.
  9389 | Lair:3   | Noticed a skyshark
  9390 | Lair:3   | 9390 ||| INVOKING Finesse.
  9391 | Lair:3   | 9391 ||| INVOKING Finesse.
  9399 | Lair:3   | Killed a skyshark
  9400 | Lair:3   | Reached skill level 9 in Fighting
  9400 | Lair:3   | Reached XP level 12. HP: 76/76 MP: 11/17
  9441 | Lair:3   | 9441 ||| INVOKING Heroism.
  9444 | Lair:3   | 9444 ||| RETREEEEATING.
  9445 | Lair:3   | 9445 ||| RETREEEEATING.
  9446 | Lair:3   | 9446 ||| RETREEEEATING.
  9447 | Lair:3   | 9447 ||| STAIRDANCE
  9469 | Lair:3   | 9469 ||| STAIRDANCE
  9487 | Lair:3   | 9487 ||| STAIRDANCE
  9521 | Lair:3   | 9521 ||| STAIRDANCE
  9523 | Lair:2   | 9523 ||| INVOKING Heroism.
  9558 | Lair:3   | Found a staircase to the Snake Pit.
  9666 | Lair:3   | 9666 ||| RETREEEEATING.
  9667 | Lair:3   | 9667 ||| RETREEEEATING.
  9668 | Lair:3   | 9668 ||| RETREEEEATING.
  9669 | Lair:3   | 9669 ||| RETREEEEATING.
  9776 | Lair:3   | 9776 ||| RETREEEEATING.
  9777 | Lair:3   | 9777 ||| RETREEEEATING.
  9778 | Lair:3   | 9778 ||| RETREEEEATING.
  9779 | Lair:3   | 9779 ||| RETREEEEATING.
  9780 | Lair:3   | 9780 ||| RETREEEEATING.
  9781 | Lair:3   | 9781 ||| RETREEEEATING.
  9783 | Lair:3   | 9783 ||| RETREEEEATING.
  9791 | Lair:3   | 9791 ||| INVOKING Finesse.
  9809 | Lair:3   | 9809 ||| RETREEEEATING.
  9810 | Lair:3   | 9810 ||| RETREEEEATING.
  9811 | Lair:3   | 9811 ||| RETREEEEATING.
  9815 | Lair:3   | Reached skill level 6 in Invocations
  9818 | Lair:3   | Reached ***** piety under Okawaru
 10617 | Lair:3   | 10617 ||| DRINKING 3 emerald potions.
 10618 | Lair:3   | 10618 ||| DRINKING 2 smoky red potions.
 10646 | Lair:3   | 10646 ||| DROPPING potion of lignification.
 10694 | Lair:4   | 10694 ||| INVOKING Finesse.
 10695 | Lair:4   | 10695 ||| INVOKING Heroism.
 10797 | Lair:4   | Noticed a death yak
 10798 | Lair:4   | 10798 ||| INVOKING Finesse.
 10808 | Lair:4   | Noticed a death yak
 10814 | Lair:4   | Killed a death yak
 10818 | Lair:4   | Noticed a death yak
 10820 | Lair:4   | Noticed a death yak
 10821 | Lair:4   | Killed a death yak
 10835 | Lair:4   | Killed a death yak
 10840 | Lair:4   | Killed a death yak
 10967 | Lair:4   | 10967 ||| RETREEEEATING.
 10970 | Lair:4   | 10970 ||| RETREEEEATING.
 10971 | Lair:4   | 10971 ||| RETREEEEATING.
 10972 | Lair:4   | 10972 ||| RETREEEEATING.
 10973 | Lair:4   | 10973 ||| RETREEEEATING.
 10978 | Lair:4   | 10978 ||| RETREEEEATING.
 10980 | Lair:4   | 10980 ||| RETREEEEATING.
 10981 | Lair:4   | 10981 ||| RETREEEEATING.
 10982 | Lair:4   | 10982 ||| RETREEEEATING.
 10983 | Lair:4   | 10983 ||| RETREEEEATING.
 10984 | Lair:4   | 10984 ||| RETREEEEATING.
 10985 | Lair:4   | 10985 ||| RETREEEEATING.
 10989 | Lair:4   | 10989 ||| RETREEEEATING.
 10990 | Lair:4   | 10990 ||| RETREEEEATING.
 10991 | Lair:4   | 10991 ||| RETREEEEATING.
 10992 | Lair:4   | 10992 ||| RETREEEEATING.
 10994 | Lair:4   | 10994 ||| RETREEEEATING.
 10995 | Lair:4   | 10995 ||| RETREEEEATING.
 10998 | Lair:4   | 10998 ||| RETREEEEATING.
 11002 | Lair:4   | 11002 ||| RETREEEEATING.
 11003 | Lair:4   | 11003 ||| RETREEEEATING.
 11004 | Lair:4   | 11004 ||| RETREEEEATING.
 11323 | Lair:4   | Reached XP level 13. HP: 82/82 MP: 21/21
 11333 | Lair:4   | 11333 ||| RETREEEEATING.
 11334 | Lair:4   | 11334 ||| RETREEEEATING.
 11335 | Lair:4   | 11335 ||| RETREEEEATING.
 11336 | Lair:4   | 11336 ||| RETREEEEATING.
 11337 | Lair:4   | 11337 ||| RETREEEEATING.
 11338 | Lair:4   | 11338 ||| RETREEEEATING.
 11339 | Lair:4   | 11339 ||| RETREEEEATING.
 11340 | Lair:4   | 11340 ||| RETREEEEATING.
 11341 | Lair:4   | 11341 ||| RETREEEEATING.
 11342 | Lair:4   | 11342 ||| RETREEEEATING.
 11343 | Lair:4   | 11343 ||| RETREEEEATING.
 11344 | Lair:4   | 11344 ||| RETREEEEATING.
 11345 | Lair:4   | 11345 ||| RETREEEEATING.
 11346 | Lair:4   | 11346 ||| RETREEEEATING.
 11347 | Lair:4   | 11347 ||| RETREEEEATING.
 11348 | Lair:4   | HP: 9/82 [dream sheep (24)]
 11349 | Lair:4   | 11349 ||| READING 2 scrolls of teleportation.
 11349 | Lair:4   | HP: 1/82 [dream sheep (9)]
 11350 | Lair:4   | 11350 ||| DRINKING 5 potions of heal wounds.
 11351 | Lair:4   | 11351 ||| RETREEEEATING.
 11461 | Lair:4   | 11461 ||| RETREEEEATING.
 11462 | Lair:4   | 11462 ||| RETREEEEATING.
 11463 | Lair:4   | 11463 ||| RETREEEEATING.
 11467 | Lair:4   | 11467 ||| RETREEEEATING.
 11468 | Lair:4   | 11468 ||| RETREEEEATING.
 11469 | Lair:4   | 11469 ||| RETREEEEATING.
 11470 | Lair:4   | 11470 ||| RETREEEEATING.
 11471 | Lair:4   | 11471 ||| RETREEEEATING.
 11472 | Lair:4   | 11472 ||| RETREEEEATING.
 11473 | Lair:4   | 11473 ||| INVOKING Finesse.
 11475 | Lair:4   | 11475 ||| INVOKING Heroism.
 11493 | Lair:4   | HP: 8/82 [dream sheep (23)]
 11494 | Lair:4   | 11494 ||| READING scroll of teleportation.
 11495 | Lair:4   | 11495 ||| DRINKING 4 potions of heal wounds.
 11496 | Lair:4   | 11496 ||| DRINKING 3 potions of heal wounds.
 11554 | Lair:4   | Reached skill level 9 in Invocations
 11556 | Lair:4   | 11556 ||| RETREEEEATING.
 11557 | Lair:4   | 11557 ||| RETREEEEATING.
 11558 | Lair:4   | 11558 ||| RETREEEEATING.
 11892 | Lair:4   | 11892 ||| READING scroll of identify.
 11892 | Lair:4   | 11892 ||| IDENTIFYING smoky ruby potion
 11893 | Lair:4   | 11893 ||| DROPPING potion of invisibility.
 11908 | Lair:5   | Entered Level 5 of the Lair of Beasts
 11918 | Lair:5   | 11918 ||| RETREEEEATING.
 11919 | Lair:5   | 11919 ||| RETREEEEATING.
 11921 | Lair:5   | 11921 ||| STAIRDANCE
 11952 | Lair:5   | 11952 ||| STAIRDANCE
 12005 | Lair:5   | 12005 ||| RETREEEEATING.
 12006 | Lair:5   | 12006 ||| RETREEEEATING.
 12007 | Lair:5   | 12007 ||| RETREEEEATING.
 12016 | Lair:5   | HP: 10/82 [cane toad (16)]
 12017 | Lair:5   | 12017 ||| DRINKING 2 potions of heal wounds.
 12017 | Lair:5   | HP: 4/82 [seven-headed hydra (1)]
 12018 | Lair:5   | 12018 ||| DRINKING potion of heal wounds.
 12018 | Lair:5   | Mangled by a cane toad

Levels and vault maps discovered:
D:1:      dpeg_arrival_another_circle, layout_basic,
          hellmonk_ecumenical_altar_leap_of_faith, minmay_misc_feat_hallway
D:2:      cheibrodos_fertilizer, layout_basic
D:3:      layout_loops_corners, gammafunk_ghost_grave, serial_shops, shop,
          nicolae_houndstooth_variations, uniq_jessica
D:4:      layout_layer_cave, grunt_temple_overflow_diamond,
          minmay_temple_entry_large_hall, kennysheep_nub
D:5:      layout_cave_pools, tso_oasis_becter, uniq_eustachio
D:6:      layout_cave_pools, palyth_temple_overflow_mages, uniq_sigmund,
          uniq_edmund
D:7:      layout_basic, serial_shops, nicolae_shop_just_a_little_nook,
          serial_library, serial_library_regret_index_split_case,
          serial_library_hellmonk_hallway_a, serial_library_hellmonk_u_bend,
          serial_library_hellmonk_room_a, serial_library_hellmonk_open_cross,
          serial_library_hellmonk_small_alcove,
          serial_library_hellmonk_metal_room,
          serial_library_hellmonk_open_square,
          serial_library_hellmonk_small_corner
D:8:      layout_loops_cross, dreamdust_gnoll_shepherd
D:9:      layout_rooms, mainiacjoe_overflow_catwalk_spiral, erik_lair_island
Temple:   hellmonk_temple_divided_pantheon
Lair:1:   layout_hall_layers, minivault_23
Lair:2:   layout_regular_city, elwin_shoals_entry_rooms,
          nicolae_volcano_entry_hallway, st_stairs_9,
          chequers_serial_rivers_small_3, uniq_fannar
Lair:3:   layout_cave_pods, dummy_snake_entry, roderic_batcave,
          guppyfry_lair_drakes
Lair:4:   layout_cave_pods, grunt_megastairs_5
Lair:5:   wormcave, layout_misc_corridors, slime_entry_1

Skill      XL: |  1  2  3  4  5  6  7  8  9 10 11 12 13 |
---------------+----------------------------------------+-----
Ranged Weapons | 6 7 8 9 10 12 14 15 16 | 16.1
Fighting       | 2 3 5 7 9 10 | 10.0
Armour         | 1 2 3 4 |  4.8
Dodging        | 4 5 9 12 14 | 14.0
Invocations    | 1 4 8 9 |  9.6
Stealth        | |  1.2

Action                     |  1- 3 |  4- 6 |  7- 9 | 10-12 | 13-15 || total
---------------------------+-------+-------+-------+-------+-------++-------
   Fire: Shortbow          |    94 |   130 |   243 |    64 |       ||   531
         Orcbow            |       |       |       |   656 |   106 ||   762
 Invoke: Heroism           |       |       |       |     9 |     1 ||    10
         Finesse           |       |       |       |     3 |     1 ||     4
    Use: Scroll            |     2 |     7 |     6 |     8 |     3 ||    26
         Potion            |       |     1 |     7 |     6 |     5 ||    19
 Armour: Scale mail        |    23 |    50 |       |       |       ||    73
         Leather armour    |     3 |       |       |       |       ||     3
         Ring mail         |       |       |    84 |   153 |    71 ||   308
  Dodge: Dodged            |    26 |    34 |    51 |   262 |   103 ||   476
         Repelled          |       |       |       |     1 |     1 ||     2

Table legend:
 A = Non-vault XP
 B = Vault XP
 C = Vault XP percentage of total XP
 D = Non-vault monster count
 E = Vault monster count
 F = Vault count percentage of total count
                 A         B        C        D         E       F
            +---------+---------+-------+---------+---------+-------
      Total |   36037 |    7463 |  17.2 |     255 |      61 |  19.3
            +---------+---------+-------+---------+---------+-------
        D:1 |      30 |       0 |   0.0 |      17 |       0 |   0.0
        D:2 |      55 |     152 |  73.4 |      17 |      18 |  51.4
        D:3 |      44 |      37 |  45.7 |      16 |       1 |   5.9
        D:4 |     432 |       0 |   0.0 |      16 |       0 |   0.0
        D:5 |     314 |     202 |  39.1 |      15 |       1 |   6.2
        D:6 |    1220 |     489 |  28.6 |      20 |       5 |  20.0
        D:7 |    1675 |    1576 |  48.5 |      21 |       4 |  16.0
        D:8 |    1608 |     450 |  21.9 |      22 |       3 |  12.0
        D:9 |    1258 |     881 |  41.2 |       9 |       8 |  47.1
     Lair:1 |    4060 |       0 |   0.0 |      15 |       0 |   0.0
     Lair:2 |    6732 |    1863 |  21.7 |      27 |       5 |  15.6
     Lair:3 |    6269 |     809 |  11.4 |      20 |      12 |  37.5
     Lair:4 |   11729 |    1004 |   7.9 |      39 |       4 |   9.3
     Lair:5 |     611 |       0 |   0.0 |       1 |       0 |   0.0
            +---------+---------+-------+---------+---------+-------
